General information
- name: Local Game (DJOrwell)
- type: Custom game
- host: DJOrwell
- saver: DJOrwell
map: EchoIsles
- players: 3
- length: 15:29
- speed: Fast
- version: 1.26 W3XP
- replay type: Public
» download(81 KB)
Players
team 1 (loser)
DJOrwell (
red | 59 APM | 921 actions | 15:29)
4 Death Knight
2 Death Coil
2 Unholy Aura
» actions
| Assign group hotkey | 17 | |
| Basic commands | 1 | |
| Build / train | 50 | |
| Enter build submenu | 21 | |
| Enter hero's abilities submenu | 4 | |
| Remove unit from queue | 2 | |
| Right click | 547 | |
| Select / deselect | 198 | |
| Select group hotkey | 54 | |
| Use ability | 27 | |
921 total
» units
| Acolyte | 5 | |
| Ghoul | 11 | |
| Crypt Fiend | 9 | |
| Forest Troll Shadow Priest | 1 | |
| Gargoyle | 1 | |
27 total
» upgrades
| Unholy Strength | 2 | |
| Creature Attack | 2 | |
| Unholy Armor | 2 | |
| Creature Carapace | 1 | |
| Exhume Corpses | 1 | |
8 total
» buildings
| Crypt | 2 | |
| Ziggurat | 9 | |
| Altar of Darkness | 1 | |
| Graveyard | 1 | |
| Nerubian Tower | 1 | |
| Spirit Tower | 5 | |
| Halls of the Dead | 1 | |
| Black Citadel | 1 | |
| Tomb of Relics | 1 | |
| Temple of the Damned | 1 | |
| Slaughterhouse | 1 | |
24 total
» build order
00:10 Crypt
00:15 Ziggurat
00:29 Altar of Darkness
01:01 Ziggurat
01:38 Graveyard
01:43 Ziggurat
01:52 Nerubian Tower
03:01 Spirit Tower
03:02 Spirit Tower
03:35 Ziggurat
04:54 Spirit Tower
05:35 Ziggurat
06:41 Spirit Tower
06:50 Ziggurat
08:24 Spirit Tower
08:26 Halls of the Dead
11:21 Black Citadel
11:26 Tomb of Relics
11:33 Temple of the Damned
11:38 Slaughterhouse
11:46 Ziggurat
11:48 Ziggurat
11:57 Ziggurat
15:07 Crypt
team 2 (winner)
DamThatRiver (
blue | 107 APM | 1662 actions | 15:29)
4 Archmage
2 Summon Water Elemental
2 Brilliance Aura
2 Mountain King
1 Storm Bolt
1 Thunder Clap
1 Paladin
1 Holy Light
» actions
| Assign group hotkey | 43 | |
| Basic commands | 48 | |
| Build / train | 68 | |
| Enter build submenu | 23 | |
| Enter hero's abilities submenu | 7 | |
| Right click | 643 | |
| Select / deselect | 240 | |
| Select group hotkey | 534 | |
| Use ability | 56 | |
1662 total
» units
| Peasant | 16 | |
| Footman | 9 | |
| Rifleman | 6 | |
| Forest Troll Shadow Priest | 1 | |
| Mortar Team | 5 | |
| Priest | 2 | |
| Spell Breaker | 2 | |
| Knight | 2 | |
| Dragonhawk Rider | 2 | |
45 total
» upgrades
| Defend | 1 | |
| Flare | 1 | |
| Priest Training | 2 | |
| Gunpowder | 2 | |
| Long Rifles | 1 | |
| Animal War Training | 1 | |
| Fragmentation Shards | 1 | |
| Cloud | 1 | |
10 total
» buildings
| Altar of Kings | 1 | |
| Farm | 12 | |
| Barracks | 1 | |
| Town Hall | 1 | |
| Scout Tower | 1 | |
| Arcane Tower | 1 | |
| Keep | 1 | |
| Lumber Mill | 1 | |
| Blacksmith | 1 | |
| Arcane Vault | 1 | |
| Workshop | 1 | |
| Arcane Sanctum | 1 | |
| Castle | 1 | |
| Gryphon Aviary | 1 | |
25 total
» build order
00:03 Altar of Kings
00:20 Farm
00:37 Barracks
00:50 Farm
01:39 Farm
02:19 Farm
03:08 Town Hall
03:11 Scout Tower
03:54 Arcane Tower
05:05 Keep
05:10 Lumber Mill
05:38 Blacksmith
05:42 Arcane Vault
05:46 Farm
06:53 Farm
06:54 Farm
07:27 Workshop
07:29 Arcane Sanctum
08:24 Castle
08:30 Farm
08:30 Farm
12:05 Gryphon Aviary
13:42 Farm
13:43 Farm
13:44 Farm
observersHAL9001 Chat log
(01:21 / All) DamThatRiver: ive been playing solo all day lol
(01:26 / All) DJOrwell: i'm hosed D:
(01:32 / All) DamThatRiver: :x
(05:17 / All) DJOrwell: THIEVING JERK D:
(05:24 / All) DamThatRiver: :3
(12:13 / All) DJOrwell: i'm assuming that was your main, not expo
(12:20 / All) DamThatRiver: yeah
(14:18 / All) DJOrwell: do people actually play solo on battlenet?
(14:22 / All) DamThatRiver: yeah
(14:29 / All) DJOrwell: wow
(14:41 / All) DamThatRiver: quite a few
(15:21 / All) DJOrwell: GG
(15:26 / All) DamThatRiver: gg